 Dungeon Crawl Stone Soup version 0.31-a0-18-gea43df2a32 (webtiles) character file.

Game seed: 13908321292365360922

680 BlueFish the Conjurer (level 7, -10/49 (51) HPs)
             Began as a Yellow Draconian Conjurer on May 10, 2023.
             Killed from afar by Dowan (18 damage)
             ... with a shard of ice
             ... on level 4 of the Dungeon.
             The game lasted 00:10:41 (4274 turns).

BlueFish the Conjurer (Yellow Draconian Conjurer)   Turns: 4274, Time: 00:10:42

HP:   -10/49 (51)   AC:  6    Str: 10    XL:     7   Next: 34%
MP:   12/13         EV: 12    Int: 20    God:
Gold: 144           SH:  0    Dex:  9    Spells: 11/14 levels left

rFire   . . .        l - +2 dagger (elec)
rCold   . . .        (no shield)
rNeg    . . .        (body armour unavailable)
rPois   .            (helmet restricted)
rElec   .            (no cloak)
rCorr   +            (no gloves)
SInv    .            (no boots)
Will    .....        (no amulet)
Stlth   ++           (no ring)
HPRegen 0.28/turn    (no ring)
MPRegen 0.13/turn

%: no passive effects
@: short of breath, lightly drained
A: spit acid, AC +6, unfitting armour, cold-blooded, acid resistance
a: Breathe Acid


You were on level 4 of the Dungeon.
You visited 2 branches of the dungeon, and saw 5 of its levels.

You collected 144 gold pieces.

Inventory:

Hand Weapons
 b - a +0 club
 e - a +0 hand axe
 l - a +2 dagger of electrocution (weapon)
Missiles
 p - a throwing net
Wands
 r - a wand of mindburst (14)
Scrolls
 d - a scroll of brand weapon {unknown}
 f - 2 scrolls of enchant weapon {unknown}
 g - a scroll of immolation {unknown}
 h - 5 scrolls of identify {unknown}
 i - 2 scrolls of fog {unknown}
 j - 2 scrolls of fear {unknown}
 m - a scroll of vulnerability {unknown}
 n - a scroll of amnesia {unknown}
 t - a scroll of teleportation {unknown}
 u - a scroll of blinking {unknown}
Potions
 a - a potion of magic
 c - a potion of cancellation
 k - a potion of haste {unknown}
 o - a potion of heal wounds
 q - a potion of degeneration {unknown}
 s - a potion of curing {unknown}


   Skills:
 + Level 0.8 Fighting
 + Level 3.8 Dodging
 + Level 4.2 Stealth
 * Level 1.0 Unarmed Combat
 + Level 4.0 Spellcasting
 + Level 5.6 Conjurations
 + Level 0.5 Evocations


You had 11 spell levels left.
You knew the following spells:

 Your Spells              Type           Power      Damage    Failure   Level
a - Magic Dart            Conj           100%       1d8       1%          1
b - Searing Ray           Conj           52%        2d6       1%          2

Your spell library contained the following spells:

 Spells                   Type           Power      Damage    Failure   Level
 Dazzling Flash           Conj/Hex       30%        N/A       12%         3
 Fulminant Prism          Conj/Hex       7%         3d7       38%         4
 Iskenderun's Mystic Bla  Conj/Tloc      15%        2d5       38%         4


Dungeon Overview and Level Annotations

Branches:
Dungeon (4/15)             Temple (1/1) D:4

Altars:
Ashenzari
Cheibriados
Dithmenos
Fedhas
Gozag
Hepliaklqana
Kikubaaqudgha
Makhleb
Nemelex Xobeh
Okawaru
Qazlal
Ru
Sif Muna
Trog
Uskayaw
Vehumet
Wu Jian
Xom
Yredelemnul
Zin
The Shining One

Shops:
D:1 =*[

Annotations:
D:4 Dowan


Innate Abilities, Weirdness & Mutations

You can spit globs of acid.
Your golden yellow scales are hard. (AC +6)
You cannot fit into any form of body armour.
You are cold-blooded and may be slowed by cold attacks.
You are resistant to acid. (rCorr)


Message History

The gnoll hits you from afar with a +0 spear.
You hit Duvessa. You tail-slap Duvessa.
Duvessa is almost dead.
Duvessa hits you with a +0 short sword.
* * * LOW HITPOINT WARNING * * *
Dowan mumbles some strange words.
Dowan blinks!
The gnoll hits you from afar with a +0 spear.
* * * LOW HITPOINT WARNING * * *
Okay, then.
Okay, then.
Okay, then.
It was a potion of cancellation.
You feel magically purged. Duvessa misses you.
The gnoll hits you but does no damage.
It was a potion of heal wounds.
You feel much better. Duvessa completely misses you.
Dowan mumbles some strange words.
Dowan blinks!
The gnoll hits you from afar with a +0 spear.
You closely miss Duvessa.
Duvessa is almost dead.
The gnoll is no longer covered in acid.
Duvessa hits you with a +0 short sword. The gnoll misses you.
You hit Duvessa. You tail-slap Duvessa.
You kill Duvessa!
You hear a distant wail of despair.
The gnoll hits you from afar with a +0 spear.
Your Unarmed Combat skill increases to level 1!
Your Spellcasting skill increases to level 4!
The gnoll misses you.
Items here: ! $ )) ? [[ ††.
Dowan seems to find hidden reserves of power!
Dowan gestures at you while chanting. The stone arrow hits you!
* * * LOW HITPOINT WARNING * * *
The gnoll hits you from afar with a +0 spear.
* * * LOW HITPOINT WARNING * * *
Dowan casts a spell at you. The shard of ice hits you!!
You die...

.#...# #..##.#..##.#..##.#. #
.#.#.# #..#.##..#.##..#.##..#
.#.#.# ###....##g...##....#
.....# #.#.##.e#.##..#.##..#
###..# ##..##e#..##.#..##.#..
##(# ###....##e...##....# #.#
#..##.#..##.#..##.#..#
#.#######..#.##..#.##..#.##.
#
#...T........@)g.............
#############################


You could see Dowan (fast) and a gnoll (swift).

Vanquished Creatures
  Duvessa (D:4)
  Pargi (D:4)
  Blork the orc (D:4)
  A scorpion (D:4)
  A howler monkey (D:4)
  A hound (D:3)
  An orc priest (D:3)
  A gnoll bouda (D:4)
  A sleepcap (D:4)
  An iguana (D:4)
  An orc wizard (D:2)
  4 gnolls (D:4)
  3 adders
  3 dart slugs
  10 orcs
  6 endoplasms
  6 giant cockroaches
  13 hobgoblins
  8 jackals
  4 kobolds
  2 quokkas
  5 ball pythons
  5 bats
  3 frilled lizards
  7 goblins
  7 rats
97 creatures vanquished.

Notes
Turn   | Place    | Note
-------+----------+-------------------------------------------
     0 | D:1      | BlueFish the Draconian Conjurer began the quest for the
                  | Orb.
     0 | D:1      | Reached XP level 1. HP: 14/14 MP: 3/3
   113 | D:1      | Found Pismuset's Antique Armour Boutique.
   431 | D:1      | Reached XP level 2. HP: 10/20 MP: 0/5
   515 | D:1      | Learned a level 2 spell: Searing Ray
   611 | D:1      | Found Rualat's General Store.
   658 | D:1      | Found Zeneupod's Jewellery Shoppe.
  1346 | D:1      | Reached XP level 3. HP: 26/26 MP: 3/6
  1454 | D:1      | Found a faded altar of an unknown god.
  1967 | D:2      | Reached XP level 4. HP: 16/33 MP: 0/8
  2579 | D:3      | Found an opulent altar of Gozag.
  2637 | D:3      | Reached XP level 5. HP: 26/38 MP: 0/9
  2788 | D:3      | Found an ancient bone altar of Kikubaaqudgha.
  3464 | D:4      | Reached skill level 5 in Conjurations
  3472 | D:4      | Noticed Pargi
  3552 | D:4      | Killed Pargi
  3553 | D:4      | Reached XP level 6. HP: 29/45 MP: 9/11
  3877 | D:4      | Found a staircase to the Ecumenical Temple.
  3877 | D:4      | Noticed Blork the orc
  3889 | D:4      | Killed Blork the orc
  3890 | D:4      | Your scales start taking on a golden yellow colour.
  3890 | D:4      | Reached XP level 7. HP: 33/50 MP: 3/12
  3890 | D:4      | Gained mutation: You are resistant to acid. (rCorr) [Yellow
                  | Draconian growth]
  4013 | Temple   | Entered the Ecumenical Temple
  4236 | D:4      | Noticed Dowan
  4242 | D:4      | Noticed Duvessa
  4268 | D:4      | HP: 2/43 [gnoll/+0 spear[a gnoll bouda] (6)]
  4272 | D:4      | Killed Duvessa
  4273 | D:4      | Reached skill level 1 in Unarmed Combat
  4274 | D:4      | Killed from afar by Dowan

Illustrated notes

Levels and vault maps discovered:
D:1:      psy_arrival_radial02, layout_basic, serial_shops,
          nicolae_shop_pleasant_corner_grove, shop, shop,
          hellmonk_ecumenical_altar_defaced_shrine
D:2:      layout_rooms, minivault_27
D:3:      layout_rooms, overflow_temple_1_default,
          mainiacjoe_overflow_small_starburst, minmay_misc_feat_tiny
D:4:      layout_basic, minmay_temple_entry_junction, st_stairs_13,
          nicolae_eternal_life, dreamdust_wishing_well, minmay_misc_feat_rows,
          chequers_mini_garden, uniq_pargi, uniq_duvessa, uniq_blork_the_orc
Temple:   nicolae_temple_bog_church

Skill      XL: |  1  2  3  4  5  6  7 |
---------------+----------------------+-----
Stealth        | 2 3 4 |  4.2
Dodging        | 2 3 |  3.8
Spellcasting   | 3 4 |  4.0
Conjurations   | 5 |  5.6
Unarmed Combat | 1 |  1.0
Fighting       | |  0.8
Evocations     | |  0.5

Action                     |  1- 3 |  4- 6 |  7- 9 || total
---------------------------+-------+-------+-------++-------
  Melee: Hand axe          |    42 |       |       ||    42
         Tailslap          |    12 |     6 |     5 ||    23
         Dagger            |    15 |    62 |    26 ||   103
         Punch             |       |     1 |       ||     1
   Cast: Magic Dart        |    70 |    53 |       ||   123
         Searing Ray       |     2 |     5 |       ||     7
Ability: Breathe Acid      |       |       |     2 ||     2
  Evoke: Wand              |       |     4 |       ||     4
    Use: Potion            |       |       |     2 ||     2
   Stab: Sleeping          |       |     4 |       ||     4
 Armour: Skin              |    23 |    23 |     8 ||    54
  Dodge: Dodged            |    26 |    47 |    17 ||    90

Table legend: (Time is in decaauts)
 A = Elapsed time spent in this place.
 B = Non-inter-level travel time spent in this place.
 C = Inter-level travel time spent in this place.
 D = Time resting spent in this place.
 E = Time spent auto-exploring this place.
 F = Levels seen in this place.
 G = Mean time per level.
                   A        B        C        D        E       F      G
               +--------+--------+--------+--------+--------+-----+--------+
         Total |   4285 |   4219 |     66 |     23 |   3371 |   5 |  857.0 |
       Dungeon |   4170 |   4118 |     52 |     23 |   3371 |   4 | 1042.5 |
        Temple |    115 |    101 |     14 |      0 |      0 |   1 |  115.0 |
               +--------+--------+--------+--------+--------+-----+--------+

Top non-repeatable levels by time:
     D:1: 1766 daAuts
     D:4: 964 daAuts
     D:2: 768 daAuts
     D:3: 671 daAuts
  Temple: 115 daAuts
